 Dungeon Crawl Stone Soup version 0.26-a0-291-g3d11bbfad5 (webtiles) character file.

Game seed: 9423468102402005801

11389 AvylaarBelgium the Slicer (level 11, -1/87 HPs)
             Began as a Demonspawn Gladiator on July 14, 2020.
             Was an Initiate of Gozag.
             Slain by a minotaur
             ... wielding an uncursed staff of fire
              (13 damage)
             ... in a Gauntlet.
             The game lasted 00:37:19 (10839 turns).

AvylaarBelgium the Slicer (Demonspawn Gladiator)   Turns: 10839, Time: 00:37:20

Health: -1/87      AC: 20    Str: 23    XL:     11   Next: 48%
Magic:  17/17      EV: 17    Int: 13    God:    Gozag
Gold:   2099       SH:  0    Dex: 15    Spells: 15/18 levels left

rFire    . . .     SeeInvis .   A - +10 dagger "Kihaoq" {flame, Str+3}
rCold    . . .     Faith    .   (no shield)
rNeg     . . .     Spirit   .   O - +0 steam dragon scales
rPois    .         Reflect  .   D - +2 helmet
rElec    .         Harm     .   (no cloak)
rCorr    .         NoTele   +   f - +0 pair of gloves
MR       .....                  Z - +0 pair of boots
Stlth    +++++.....             (no amulet)
HPRegen  0.24/turn              F - +4 ring of protection
MPRegen  0.15/turn              t - +6 ring of strength

@: sanguine armour
A: claws 2, nightstalker 1, powered by pain 1, sanguine armour 1
a: Potion Petition, Call Merchant, Bribe Branch, Renounce Religion


You were in a Gauntlet.
You worshipped Gozag.
Gozag was most pleased with you.
You visited 3 branches of the dungeon, and saw 12 of its levels.
You also visited: Gauntlet.

You collected 2150 gold pieces.
You paid 51 gold pieces to Gozag.

Inventory:

Hand Weapons
 a - a +0 flail
 A - the +10 dagger "Kihaoq" (weapon) {flame, Str+3}
   (You found it on level 4 of the Dungeon)

   It has been specially enchanted to burn those struck by it, causing extra
   injury to most foes and up to half again as much damage against particularly
   susceptible opponents.
   It affects your strength (+3).
 M - the +1 battleaxe of False Accusations {vorpal, *Rage rElec rC+++ rN++}
   (You found it on level 5 of the Dungeon)

   It inflicts extra damage upon your enemies.
   It renders you almost immune to cold.
   It insulates you from electricity.
   It greatly protects you from negative energy.
   It may make you go berserk in combat.
 T - a +0 vampiric rapier
 V - the +10 flail of World's End {venom, rF+ Int+2}
   (You found it on level 9 of the Dungeon)

   It poisons the flesh of those it strikes.
   It affects your intelligence (+2).
   It protects you from fire.
Missiles
 d - 2 throwing nets
 p - 40 poisoned darts (quivered)
 v - 8 javelins
Armour
 f - a +0 pair of gloves (worn)
 D - a +2 helmet (worn)
 O - +0 steam dragon scales (worn)
 S - a +0 helmet of intelligence
 W - a +0 plate armour
 Z - a +0 pair of boots (worn)
Magical Staves
 R - an uncursed staff of conjuration {unknown}
Jewellery
 c - an uncursed amulet of the acrobat {unknown}
 q - an uncursed ring of fire
 s - an uncursed ring of poison resistance
 t - a +6 ring of strength (right hand)
 y - a cursed -4 ring of intelligence {unknown}
 F - a +4 ring of protection (left hand)
 X - an uncursed ring of flight {unknown}
Wands
 b - a wand of paralysis (8)
 G - a wand of enslavement (12)
 I - a wand of digging (10)
 N - a wand of flame (17)
 Y - a wand of polymorph (11)
Scrolls
 e - 13 scrolls of remove curse
 h - 5 scrolls of amnesia {unknown}
 k - 4 scrolls of immolation {unknown}
 n - a scroll of torment {unknown}
 r - a scroll of magic mapping {unknown}
 u - 2 scrolls of fog
 x - 2 scrolls of teleportation {unknown}
 z - 2 scrolls of enchant armour {unknown}
 B - a scroll of enchant weapon
 E - a scroll of blinking {unknown}
 K - 2 scrolls of noise
Potions
 g - a potion of magic
 i - a potion of heal wounds
 j - a potion of might {unknown}
 l - 8 potions of curing
 o - a potion of berserk rage {unknown}
 w - a potion of cancellation
 C - 2 potions of resistance
 H - a potion of degeneration {unknown}
 L - 3 potions of flight {unknown}
 P - a potion of brilliance {unknown}
 Q - a potion of lignification {unknown}
Miscellaneous
 U - a phial of floods


   Skills:
 + Level 8.4 Fighting
 + Level 9.0 Short Blades
 - Level 4.1 Maces & Flails
 - Level 1.7 Throwing
 + Level 7.9 Dodging
 * Level 7.1 Stealth
 + Level 4.1 Spellcasting
 + Level 3.3 Conjurations
 + Level 3.3 Hexes


You had 15 spell levels left.
You knew the following spells:

 Your Spells              Type           Power        Failure   Level
a - Dazzling Flash        Conj/Hex       ##....       16%         3

Your spell library contained the following spells:

 Spells                   Type           Power        Failure   Level
 Magic Dart               Conj           ##..         5%          1
 Searing Ray              Conj           ##....       8%          2
 Fulminant Prism          Conj/Hex       ##........   45%         4
 Iskenderun's Mystic Bla  Conj/Tloc      #.......     71%         4


Dungeon Overview and Level Annotations

Branches:
Dungeon (10/15)            Temple (1/1) D:4            Lair (1/6) D:10
    Orc (0/2) D:10        Gauntlet (1/1)

Altars:
Ashenzari
Cheibriados
Dithmenos
Elyvilon
Gozag
Hepliaklqana
Kikubaaqudgha
Makhleb
Qazlal
Sif Muna
Trog
Uskayaw
Vehumet
Yredelemnul
Zin
Beogh

Shops:
D:5 (

Annotations:
D:5 exclusion: downstairs
D:6 1 runed translucent door, Askman's ghost, novice DsBr; Pikel
D:10 exclusion: door
Lair:1 2 transporters, Gargoyl's ghost, journeyman CeAK Gauntlet 4 transporters, 11 runed translucent doors, exclusion: orange crystal statue


Innate Abilities, Weirdness & Mutations

You have very sharp fingernails.
You are slightly more attuned to the shadows.
You sometimes gain a little power by taking damage.
When seriously injured, your bleeding wounds create armour. (AC +6)


Message History

You bump into the rock wall.
The minotaur throws a javelin.
The javelin pierces through you.
The minotaur throws a javelin.
The javelin pierces through you.
There is a fountain of sparkling water here.
You see here 8 javelins.
You bump into the closed door.
You feel less invigorated.
You feel less confused.
The minotaur throws a javelin.
The javelin barely misses you.
You open the door.
A minotaur zombie comes into view.
The minotaur throws a javelin.
The javelin barely misses you.
You close the door.
You hit the minotaur but do no damage.
The minotaur hits you with an uncursed staff of fire!
The minotaur burns you. The minotaur gores you.
The minotaur hits you with an uncursed staff of fire!!
* * * LOW HITPOINT WARNING * * *
The minotaur burns you!
You die...
Your body crumbles into a pile of gold.

##+### #.⌠..#
###...⌠+ #Z+(...#
###(.@.# ##H###
#######'#######
#.....(.......#
#.###.###.###.#
#.....H.(.....#
###(###.###.###
#####.###.###.#####
#≈...............≈#


You could see a minotaur.

Vanquished Creatures
  Erica (Lair:1)
  A soul eater (Gauntlet)
  2 wizards (Gauntlet)
  An ugly thing (D:10)
  A worldbinder (Gauntlet)
  A black mamba (Lair:1)
  Maggie (D:7)
  5 hippogriffs
  2 centaur simulacra (D:8)
  12 yaks
  A wyvern (D:9)
  A basilisk (Lair:1)
  Menkaure (D:7)
  A sky beast (D:9)
  4 porcupines (D:10)
  3 ice beasts
  3 black bears
  4 ogres
  3 orc warriors
  2 boggarts (Gauntlet)
  5 centaurs
  2 crocodiles
  A big kobold (D:7)
  5 bullfrogs
  2 water moccasin skeletons
  4 scorpions
  A wight (D:5)
  2 howler monkeys
  3 jellies
  3 bullfrog zombies
  2 hounds
  2 orc priests
  2 centaur skeletons
  Jessica (D:3)
  2 iguanas
  10 orc wizards
  6 worker ants
  A hound zombie (D:7)
  A hound skeleton (D:10)
  Robin (D:4)
  5 adders
  2 howler monkey skeletons (D:7)
  8 shadow imps
  2 white imps
  4 ufetubi
  An ooze (D:1)
  An adder zombie (D:7)
  2 worms
  5 dart slugs
  6 leopard geckos
  48 orcs
  4 giant cockroaches
  10 goblins
  16 hobgoblins
  7 jackals
  7 quokkas
  8 bats
  6 frilled lizards
  13 kobolds
  2 leopard gecko skeletons
  12 rats
275 creatures vanquished.

Vanquished Creatures (others)
  32 fungi (D:10)
  8 plants (D:10)
40 creatures vanquished.

Grand Total: 315 creatures vanquished

Notes
Turn   | Place    | Note
-------+----------+-------------------------------------------
     0 | D:1      | AvylaarBelgium the Demonspawn Gladiator began the quest for
                  | the Orb.
     0 | D:1      | Reached XP level 1. HP: 16/16 MP: 1/1
    96 | D:1      | Gained mutation: You are slightly more attuned to the
                  | shadows. [demonic ancestry]
    96 | D:1      | Reached XP level 2. HP: 20/22 MP: 2/2
   552 | D:1      | Gained mutation: You have sharp fingernails. [demonic
                  | ancestry]
   552 | D:1      | Reached XP level 3. HP: 24/28 MP: 3/3
  1179 | D:2      | Found a shimmering blue altar of Sif Muna.
  1747 | D:2      | Gained mutation: You sometimes gain a little power by
                  | taking damage. [demonic ancestry]
  1747 | D:2      | Reached XP level 4. HP: 27/34 MP: 4/4
  1932 | D:3      | Noticed Jessica
  2598 | D:2      | Found a shadowy altar of Dithmenos.
  2787 | D:4      | Gained mutation: You have very sharp fingernails. [demonic
                  | ancestry]
  2787 | D:4      | Reached XP level 5. HP: 36/41 MP: 5/5
  2870 | D:3      | Found a shattered altar of Ashenzari.
  2993 | D:3      | Killed Jessica
  3068 | D:3      | Found a stormy altar of Qazlal.
  3312 | D:4      | Reached XP level 6. HP: 13/48 MP: 6/6
  3333 | D:4      | Got a steaming dagger
  3334 | D:4      | Identified the +10 dagger "Kihaoq" {flame, Str+3} (You
                  | found it on level 4 of the Dungeon)
  3389 | D:4      | Noticed Robin
  3417 | D:4      | Killed Robin
  3461 | D:4      | Found a bloodstained altar of Trog.
  3461 | D:4      | Found a hazy altar of Hepliaklqana.
  3602 | D:4      | Reached skill level 1 in Short Blades
  3657 | D:4      | Reached skill level 2 in Short Blades
  3694 | D:4      | Learned a level 3 spell: Dazzling Flash
  3761 | D:4      | Found a staircase to the Ecumenical Temple.
  3797 | Temple   | Entered the Ecumenical Temple
  3826 | Temple   | Became a worshipper of Gozag Ym Sagoz the Greedy
  4151 | D:5      | Entered Level 5 of the Dungeon
  4377 | D:5      | Found Golumnob's Antique Weapon Boutique.
  4533 | D:5      | Gained mutation: When seriously injured, your bleeding
                  | wounds create armour. (AC +6) [demonic ancestry]
  4533 | D:5      | Reached XP level 7. HP: 54/55 MP: 7/7
  4960 | D:5      | Got a jewelled battleaxe
  4961 | D:5      | Identified the cursed +1 battleaxe of False Accusations
                  | {vorpal, *Rage rElec rC+++ rN++} (You found it on level 5
                  | of the Dungeon)
  5053 | D:6      | Found a runed translucent door.
  5060 | D:6      | Reached skill level 1 in Stealth
  5060 | D:6      | Reached skill level 1 in Hexes
  5065 | D:6      | Noticed Askman's ghost (novice DsBr)
  5085 | D:6      | Noticed Pikel
  5113 | D:7      | Reached skill level 1 in Conjurations
  5145 | D:7      | Reached skill level 3 in Short Blades
  5172 | D:7      | Noticed Maggie
  5185 | D:7      | Killed Maggie
  5185 | D:7      | Reached skill level 5 in Fighting
  5185 | D:7      | Reached skill level 5 in Dodging
  5185 | D:7      | Reached XP level 8. HP: 40/62 MP: 8/8
  5235 | D:7      | Reached skill level 4 in Short Blades
  5237 | D:7      | Noticed Menkaure
  5245 | D:7      | Killed Menkaure
  5594 | D:7      | Reached skill level 5 in Short Blades
  5923 | D:7      | Reached XP level 9. HP: 44/69 MP: 9/9
  5937 | D:7      | Reached skill level 6 in Short Blades
  6295 | D:8      | Found a transporter.
  6372 | D:8      | Found a transporter.
  6842 | D:8      | Found a shadowy altar of Dithmenos.
  7080 | D:8      | Reached skill level 7 in Short Blades
  7080 | D:8      | Reached skill level 5 in Stealth
  7378 | D:9      | Reached skill level 1 in Spellcasting
  7447 | D:9      | Reached XP level 10. HP: 79/79 MP: 11/11
  7462 | D:9      | Got a jewelled flail
  7463 | D:9      | Identified the +10 flail of World's End {venom, rF+ Int+2}
                  | (You found it on level 9 of the Dungeon)
  7757 | D:10     | Entered Level 10 of the Dungeon
  7927 | D:10     | Found a roughly hewn altar of Beogh.
  8296 | D:10     | Reached skill level 8 in Short Blades
  8798 | D:10     | Found a staircase to the Lair.
  9183 | D:10     | Noticed a purple ugly thing
  9189 | D:10     | Killed a purple ugly thing
  9189 | D:10     | Reached XP level 11. HP: 86/86 MP: 14/16
  9514 | D:10     | Found a radiant altar of Vehumet.
  9514 | D:10     | Noticed a deep elf mage
  9514 | D:10     | Noticed a deep elf mage
  9515 | D:10     | Noticed a deep elf mage
  9643 | D:10     | Found a staircase to the Orcish Mines.
  9810 | Lair:1   | Entered Level 1 of the Lair of Beasts
  9810 | Lair:1   | Found a gate leading to a gauntlet.
  9891 | Lair:1   | Found a transporter.
  9893 | Lair:1   | Noticed Gargoyl's ghost (journeyman CeAK)
  9897 | Lair:1   | Found a transporter.
 10034 | Lair:1   | Noticed Erica
 10040 | Lair:1   | Killed Erica
 10182 | Gauntlet | Entered a Gauntlet
 10182 | Gauntlet | Found a transporter.
 10182 | Gauntlet | Found a transporter.
 10189 | Gauntlet | Found a transporter.
 10206 | Gauntlet | Found a transporter.
 10393 | Gauntlet | Found a transporter.
 10429 | Gauntlet | Noticed a soul eater
 10429 | Gauntlet | Found a transporter.
 10432 | Gauntlet | Killed a soul eater
 10655 | Gauntlet | Noticed a soul eater
 10657 | Gauntlet | Found a transporter.
 10662 | Gauntlet | Found a transporter.
 10669 | Gauntlet | Noticed a wizard
 10670 | Gauntlet | Found a transporter.
 10670 | Gauntlet | Noticed a wizard
 10677 | Gauntlet | Killed a wizard
 10680 | Gauntlet | Found a transporter.
 10688 | Gauntlet | Killed a wizard
 10688 | Gauntlet | Reached skill level 9 in Short Blades
 10719 | Gauntlet | Found a large runed translucent door.
 10719 | Gauntlet | Found a large runed translucent door.
 10722 | Gauntlet | Found a large runed translucent door.
 10722 | Gauntlet | Found a large runed translucent door.
 10724 | Gauntlet | Found a large runed translucent door.
 10724 | Gauntlet | Found a large runed translucent door.
 10724 | Gauntlet | Found a large runed translucent door.
 10724 | Gauntlet | Found a large runed translucent door.
 10725 | Gauntlet | Found a runed translucent gate.
 10725 | Gauntlet | Found a runed translucent door.
 10726 | Gauntlet | Found a runed translucent gate.
 10726 | Gauntlet | Noticed an orange crystal statue
 10750 | Gauntlet | Noticed a minotaur
 10839 | Gauntlet | Slain by a minotaur

Illustrated notes

Levels and vault maps discovered:
D:1:      evilmike_arrival_plus, layout_basic, minmay_misc_feat_pillars
D:2:      layout_basic, lemuel_crystal_altar,
          nicolae_dithmenos_through_a_glass_darkly
D:3:      layout_loops_ring, nicolae_qazlal_eye_of_the_storm,
          evilmike_ruin_ashenzari, uniq_jessica
D:4:      layout_loops_corners, amethyst_overflow_temple_binary,
          minmay_temple_entry_sparse_star, uniq_robin
D:5:      layout_loops_corners, serial_shops, shop
D:6:      layout_cave_pools, ebering_ghost_sewer_d, uniq_pikel, uniq_eustachio,
          uniq_prince_ribbit1
D:7:      layout_gridville, uniq_menkaure, uniq_maggie
D:8:      gammafunk_cloud_chamber, layout_basic, kennysheep_mini_moat
D:9:      layout_cave_pools
D:10:     nicolae_whirlpool, layout_layer_cave, due_lair_maze_entry_diamond,
          david_orc_5, david_defended_altar_elf
Temple:   regret_index_temple_sphere_string
Lair:1:   layout_hall_layers, gauntlet_entry_generic, gammafunk_ghost_arena,
          grunt_megastairs_2, uniq_erica
Gauntlet: gammafunk_gauntlet_branching [gammafunk_gauntlet_arena_corners,
          nicolae_gauntlet_arena_grate_2, nicolae_gauntlet_arena_quarters,
          gammafunk_gauntlet_arena_arrow_garden, nicolae_gauntlet_arena_x,
          gammafunk_gauntlet_arena_split_diamond,
          minmay_gauntlet_arena_make_your_own_arena,
          gammafunk_gauntlet_arena_mazey, gauntlet_exit_hidden_loot]

Skill      XL: |  1  2  3  4  5  6  7  8  9 10 11 |
---------------+----------------------------------+-----
Dodging        | 3 4 5 6 7 |  7.9
Maces & Flails | 3 4 |  4.1
Fighting       | 3 4 5 6 7 8 |  8.4
Short Blades   | 2 3 5 7 8 9 |  9.0
Stealth        | 2 3 5 6 7 |  7.1
Hexes          | 1 2 3 |  3.3
Conjurations   | 1 2 3 |  3.3
Spellcasting   | 1 3 4 |  4.1
Throwing       | |  1.7

Action                   |  1- 3 |  4- 6 |  7- 9 | 10-12 || total
-------------------------+-------+-------+-------+-------++-------
Melee: Flail             |   171 |   117 |       |       ||   288
       Dagger            |       |    46 |   212 |   288 ||   546
       Battleaxe         |       |       |    28 |     8 ||    36
Throw: Throwing net      |       |       |     1 |     1 ||     2
       Dart              |       |       |       |    24 ||    24
 Cast: Dazzling Flash    |       |       |       |     1 ||     1
  Use: Potion            |       |     1 |       |     4 ||     5
       Scroll            |       |       |     1 |    13 ||    14
 Stab: Sleeping          |     6 |     9 |     9 |    10 ||    34
       Distracted        |       |       |     1 |     4 ||     5
       Invisible         |       |       |       |     2 ||     2
Armor: Leather armour    |    52 |    55 |     4 |       ||   111
       Steam dragon scal |       |       |    55 |    97 ||   152
Dodge: Dodged            |   116 |   128 |   134 |   217 ||   595

Table legend:
 A = Non-vault XP
 B = Vault XP
 C = Vault XP percentage of total XP
 D = Non-vault monster count
 E = Vault monster count
 F = Vault count percentage of total count
                 A         B        C        D         E       F
            +---------+---------+-------+---------+---------+-------
      Total |    9082 |    7189 |  44.2 |     210 |      65 |  23.6
            +---------+---------+-------+---------+---------+-------
        D:1 |      60 |       0 |   0.0 |      31 |       0 |   0.0
        D:2 |      70 |       0 |   0.0 |      27 |       0 |   0.0
        D:3 |      47 |      37 |  44.0 |      19 |       1 |   5.0
        D:4 |     440 |      30 |   6.4 |      14 |       9 |  39.1
        D:5 |     136 |       0 |   0.0 |       7 |       0 |   0.0
        D:6 |     125 |       0 |   0.0 |       1 |       0 |   0.0
        D:7 |    1880 |     542 |  22.4 |      34 |       2 |   5.6
        D:8 |     639 |     730 |  53.3 |      18 |       4 |  18.2
        D:9 |    1553 |       0 |   0.0 |      20 |       0 |   0.0
       D:10 |    3148 |    1820 |  36.6 |      35 |      34 |  49.3
     Lair:1 |     984 |     918 |  48.3 |       4 |       1 |  20.0
   Gauntlet |       0 |    3112 | 100.0 |       0 |      14 | 100.0
            +---------+---------+-------+---------+---------+-------
